 Dungeon Crawl Stone Soup version 0.18.1-8-gdd0e5ea (webtiles) character file.

3396 Lovchig the Blocker (level 9, 0/127 HPs)
             Began as a Deep Dwarf Fighter on May 27, 2016.
             Was an Initiate of Elyvilon.
             Slain by an angel
             ... wielding a +1 sacred scourge of holy wrath
              (11 damage)
             ... on level 6 of the Dungeon.
             The game lasted 00:24:56 (5033 turns).

Lovchig the Blocker (Deep Dwarf Fighter)            Turns: 5033, Time: 00:24:57

Health: 0/127      AC: 24    Str: 22    XL:     9   Next: 75%
Magic:  5/5        EV:  2    Int: 10    God:    Elyvilon [......]
Gold:   283        SH: 11    Dex: 12    Spells: 0 memorised, 8 levels left

rFire  . . .     SeeInvis .     K - +2 hand axe
rCold  . . .     Gourm    .     (armour currently unavailable)
rNeg   + + +     Faith    .     c - +0 shield
rPois  +         Spirit   .     (helmet currently unavailable)
rElec  .         Dismiss  .     (cloak currently unavailable)
rCorr  .         Reflect  .     (gloves currently unavailable)
SustAt .         Harm     .     (boots currently unavailable)
MR     +....     NoTele   +     w - amulet of rage
Stlth  +.........               L - +2 ring of evasion
                                H - ring of flight

@: exhausted, tree-form, very slightly contaminated, non-regenerating, glowing,
somewhat resistant to hostile enchantments, very unstealthy
A: damage resistance, recharge devices, sense surroundings 2, slow regeneration
3
a: Device Recharging, Renounce Religion, Evoke Berserk Rage


You were on level 6 of the Dungeon.
You worshipped Elyvilon.
Elyvilon was noncommittal.
You were not hungry.
You were a tree.
You visited 2 branches of the dungeon, and saw 7 of its levels.
You also visited: Ossuary.

You collected 283 gold pieces.

Inventory:

Hand Weapons
 a - a +0 war axe
 K - a +2 hand axe (weapon)
Armour
 c - a +0 shield (worn)
 k - a +2 pair of gloves (melded)
 y - a +0 plate armour (melded)
 E - a +0 cloak (melded)
Jewellery
 b - an uncursed ring of resist corrosion
 q - an uncursed amulet of faith
 u - an uncursed ring of protection from cold
 w - an amulet of rage (around neck)
 H - a ring of flight (left branch)
 L - a +2 ring of evasion (right branch)
Wands
 e - a wand of heal wounds (0/9)
 B - a wand of digging (12/24)
 J - a wand of digging (11/24)
Scrolls
 o - 2 scrolls of teleportation
 r - a scroll of recharging
 s - 2 scrolls of remove curse
 v - 2 scrolls of fog
 G - a scroll of blinking
Potions
 d - 2 potions of cure mutation
 j - a potion of resistance
 m - 2 potions of invisibility
 p - 3 potions of brilliance {unknown}
 t - 3 potions of mutation {unknown}
 x - 5 potions of haste {unknown}
 C - a potion of cancellation {unknown}
 D - 2 potions of flight {unknown}
 F - 5 potions of agility {unknown}
Comestibles
 g - 6 fruits
 l - 6 meat rations
 z - a beef jerky
 A - 2 slices of pizza


   Skills:
 * Level 6.4 Fighting
 * Level 8.3 Axes
 * Level 8.2 Armour
 * Level 8.7 Shields


You had 8 spell levels left.
You didn't know any spells.

Dungeon Overview and Level Annotations

Branches:
Dungeon (6/15)             Temple (1/1) D:6

Altars:
Ashenzari
Cheibriados
Dithmenos
Elyvilon
Kikubaaqudgha
Makhleb
Nemelex Xobeh
Trog
Xom
Yredelemnul
Zin


Innate Abilities, Weirdness & Mutations

You are resistant to damage.
You can recharge devices by infusing magical energy.
You passively map the area around you.
You do not regenerate naturally.


Message History

Drink which item? (? for menu, Esc to quit)
You feel better.
The angel hits you with a sacred scourge of holy wrath!
* * * LOW HITPOINT WARNING * * *
You block the angel's attack.
You miss the angel.
The angel is lightly wounded.
You block the angel's attack.
The angel hits you with a sacred scourge of holy wrath.
* * * LOW HITPOINT WARNING * * *
You block the angel's attack. x2
You barely miss the angel.
The angel is lightly wounded.
The angel hits you with a sacred scourge of holy wrath!
* * * LOW HITPOINT WARNING * * *
You block the angel's attack.
You slash the angel!
The angel is lightly wounded.
The angel hits you with a sacred scourge of holy wrath!
You die...

.# #....##...............P.P...⌠P
.# #....##....................88.
.# #....##.............PP....P..P
.# #....##...P.........P......⌠P⌠
.# #....##............PP......P.8
.# #....###.......P........P.P...
.###....###..............PP.P...P
..........##.............PPP.PPPP
####....#######.♣....P.......PPP.
#############A.....P.P.......P
*......................P.
#################.....P..........
#.........# #####..(..........
#.################ ###...........
#.# #######..#..# #....#.#####..
#.# #........#..# #....#.# #.#
#.# #.......>#..###....#.#####.#


You could see an angel.

Vanquished Creatures
  Pikel (D:5)
  The ghost of buf2 the Bolt Thrower, a novice HuHu of Sif Muna (Ossuary)
  Grinder (D:4)
  Sigmund (D:4)
  Menkaure (D:4)
  Edmund (D:4)
  A water moccasin (D:6)
  An ogre (D:5)
  2 phantoms
  A centaur (D:5)
  2 giant frogs
  8 scorpions
  7 wights (D:6)
  A crimson imp (D:4)
  A giant frog zombie (D:5)
  A quasit (D:5)
  4 centaur zombies (Ossuary)
  A hound (D:6)
  A human zombie (Ossuary)
  2 giant frog skeletons
  An orc priest (D:4)
  An iguana (D:4)
  3 worker ants
  A big kobold zombie (Ossuary)
  3 mummies (Ossuary)
  3 gnolls (D:3)
  6 scorpion zombies (Ossuary)
  4 adders
  4 worms
  3 giant geckos
  6 orcs
  4 bats
  5 giant cockroaches
  3 goblins
  4 hobgoblins
  7 jackals
  2 kobolds
  A quokka (D:4)
  A ball python skeleton (D:5)
  A giant gecko skeleton (D:5)
  2 giant newts
  2 goblin zombies (Ossuary)
  2 hobgoblin zombies (Ossuary)
  2 kobold zombies (Ossuary)
  An orc zombie (Ossuary)
  6 rats
  A plant (D:6)
118 creatures vanquished.

Notes
Turn   | Place    | Note
--------------------------------------------------------------
     0 | D:1      | Lovchig the Deep Dwarf Fighter began the quest for the Orb.
     0 | D:1      | Reached XP level 1. HP: 20/20 MP: 1/1
   508 | D:1      | Reached XP level 2. HP: 24/28 MP: 2/2
  1020 | D:2      | Reached XP level 3. HP: 26/34 MP: 3/3
  1407 | D:3      | Reached XP level 4. HP: 36/42 MP: 4/4
  1448 | D:3      | Found a shattered altar of Ashenzari.
  1548 | D:3      | Found a basalt altar of Yredelemnul.
  1770 | D:3      | Found a snail-covered altar of Cheibriados.
  1833 | D:4      | Reached XP level 5. HP: 27/49 MP: 5/5
  1994 | D:4      | Noticed Menkaure
  1994 | D:4      | Noticed a phantom
  2012 | D:4      | Killed Menkaure
  2012 | D:4      | Reached skill level 5 in Armour
  2012 | D:4      | Reached skill level 5 in Shields
  2012 | D:4      | Reached XP level 6. HP: 24/57 MP: 6/6
  2104 | D:4      | Noticed Sigmund
  2127 | D:4      | Killed Sigmund
  2127 | D:4      | Reached XP level 7. HP: 59/64 MP: 7/7
  2147 | D:4      | Noticed Edmund
  2179 | D:4      | Killed Edmund
  2338 | D:4      | Noticed Grinder
  2361 | D:4      | Paralysed by Grinder for 6 turns
  2376 | D:4      | Killed Grinder
  2376 | D:4      | Reached skill level 5 in Axes
  2534 | D:4      | Reached XP level 8. HP: 41/73 MP: 8/8
  2586 | D:5      | Entered Level 5 of the Dungeon
  2597 | D:5      | Found a sand-covered staircase.
  2605 | Ossuary  | Entered an ossuary
  2648 | Ossuary  | Noticed buf2's ghost (novice HuHu)
  2674 | Ossuary  | Killed buf2's ghost
  2674 | Ossuary  | Reached skill level 5 in Fighting
  2896 | Ossuary  | Gained mutation: You passively map the area around you. [Deep Dwarf growth]
  2896 | Ossuary  | Reached XP level 9. HP: 27/81 MP: 8/8
  3310 | D:5      | Noticed Pikel
  3357 | D:5      | Killed Pikel
  4078 | D:6      | Found a staircase to the Ecumenical Temple.
  4100 | Temple   | Entered the Ecumenical Temple
  4358 | Temple   | Became a worshipper of Elyvilon the Healer
  4397 | D:6      | Noticed a rust devil
  4449 | D:6      | Noticed an angel
  4660 | D:6      | Found an ancient bone altar of Kikubaaqudgha.
  5033 | D:6      | Slain by an angel

Skill      XL: |  1  2  3  4  5  6  7  8  9 |
---------------+----------------------------+-----
Fighting       | 3 4 5 6 |  6.4
Armour         | 4 5 6 7 8 |  8.2
Shields        | 4 5 6 7 8 |  8.7
Axes           | 3 4 5 6 8 |  8.3

Action                   |  1- 3 |  4- 6 |  7- 9 || total
-------------------------+-------+-------+-------++-------
Melee: War axe           |   112 |   110 |   404 ||   626
       Hand axe          |       |       |    72 ||    72
 Abil: Device Recharging |       |       |     4 ||     4
       Evoke Berserk Rag |       |       |     1 ||     1
Evoke: Wand              |     1 |     6 |    16 ||    23
  Use: Scroll            |     8 |       |     9 ||    17
       Potion            |       |     1 |    15 ||    16
  Eat: Chunk             |     2 |     2 |     4 ||     8
       Bread ration      |       |       |     2 ||     2
Armor: Scale mail        |    66 |    23 |       ||    89
       Plate armour      |       |    38 |   326 ||   364
       Skin              |       |       |     8 ||     8
Dodge: Dodged            |    47 |    16 |    92 ||   155
Block: Shield            |    81 |    58 |   316 ||   455
